Map: Site Delta LE

Players

SubN - Winner!

  • Race: Zerg Zerg
  • League: Diamond
  • Spawn Location: 5:00

Gengar

  • Race: Zerg Zerg
  • League: Platinum
  • Spawn Location: 11:00

VOD

Have the link to the VOD?

Description

Time

  • Played on: Dec. 31, 2023, 7:54 p.m.
  • Length: 4:06
Show
View Real Time Build Order
Export as new Build Order

SubN Zerg - Winner!

Build Orders: Pool First 

Get SALT Encoding   

  12  0:00  Drone  
  13  0:08  Drone  
  14  0:14  Extractor  
  13  0:28  Spawning Pool  
  12  0:57  Hatchery  
  11  1:14  Queen  
  13  1:25  Overlord  
  13  1:35  Metabolic Boost  
  13  1:44  Zergling x2  
  13  1:46  Zergling x2  
  15  1:50  Zergling x2  
  16  1:56  Zergling x2  
  17  2:06  Zergling x2  
  18  2:10  Zergling x2  
  19  2:17  Queen  
  19  2:22  Zergling x2  
  22  2:27  Zergling x2  
  23  2:44  Zergling x6  
  26  2:53  Zergling x2  
  26  2:54  Zergling x2  
  25  3:14  Zergling x4  
  26  3:36  Zergling x6  
  27  3:44  Zergling x2  
Show
View Real Time Build Order
Export as new Build Order

Gengar Zerg 

Build Orders: Pool First 

Get SALT Encoding   

  12  0:00  Drone  
  13  0:13  Overlord  
  13  0:16  Drone  
  14  0:32  Drone x2  
  14  0:35  Drone  
  17  0:45  Spawning Pool  
  17  0:47  Drone  
  17  1:10  Hatchery  
  16  1:12  Drone  
  17  1:18  Drone  
  17  1:19  Extractor  
  17  1:23  Drone  
  18  1:30  Drone  
  19  1:34  Queen  
  21  1:44  Zergling x2  
  22  1:53  Overlord  
  22  2:13  Drone x2  
  24  2:19  Metabolic Boost  
  24  2:23  Drone  
  24  2:24  Drone  
  24  2:26  Queen  
  28  2:34  Overlord  
  28  2:38  Zergling x2  
  29  2:45  Zergling x4  
  29  2:46  Zergling x6  
  34  2:57  Zergling x4  
  35  2:59  Baneling Nest  
  34  3:08  Zergling x2  
  34  3:09  Zergling x2  
  30  3:16  Zergling x8  
  30  3:24  Queen  
  30  3:26  Zergling x2  
  33  3:36  Zergling x4  
  33  3:39  Zergling x6  
  30  3:43  Zergling x2  
Tags
 
Add a new tag
Caveats
  • Supply blocks, unpowered buildings, or Contaminate may cause inaccurate times.
  • Supply counts are checked every 10 seconds.